 Dungeon Crawl Stone Soup version 0.25-a0-294-gea9b1ad378 (webtiles) character file.

Game seed: 10772216346698975913, levelgen mode: deterministic

93 MoonlitKnight the Poker (level 4, 0/35 HPs)
             Began as a Merfolk Gladiator on Dec 19, 2019.
             Slain by a gnoll
             ... wielding a +0 club
              (1 damage)
             ... on level 2 of the Dungeon.
             The game lasted 00:03:20 (1427 turns).

MoonlitKnight the Poker (Merfolk Gladiator)         Turns: 1427, Time: 00:03:21

Health: 0/35       AC:  5    Str: 14    XL:     4   Next: 62%
Magic:  4/4        EV: 14    Int:  7    God:
Gold:   36         SH:  0    Dex: 16    Spells: 3/3 levels left

rFire    . . .     SeeInvis .   a - +0 trident
rCold    . . .     Gourm    .   (no shield)
rNeg     . . .     Faith    .   b - +0 leather armour
rPois    .         Spirit   .   c - +0 helmet
rElec    .         Reflect  .   (no cloak)
rCorr    .         Harm     .   p - +0 pair of gloves
MR       .....                  (no boots)
Stlth    +.........             (no amulet)
HPRegen  0.11/turn              (no ring)
MPRegen  0.09/turn              (no ring)

@: no status effects
A: change form in water, swift swim, stealthy swim
a: no special abilities


You were on level 2 of the Dungeon.
You were not hungry.

You visited 1 branch of the dungeon, and saw 2 of its levels.

You collected 36 gold pieces.

Inventory:

Hand Weapons
 a - a +0 trident (weapon)
Missiles
 d - 3 throwing nets (quivered)
 m - 24 sling bullets
 t - 11 poisoned darts
Armour
 b - a +0 leather armour (worn)
 c - a +0 helmet (worn)
 p - a +0 pair of gloves (worn)
Scrolls
 g - a scroll of teleportation {unknown}
 h - 4 scrolls of remove curse {unknown}
 i - a scroll of immolation {unknown}
 l - 2 scrolls of identify {unknown}
 q - a scroll of fog {unknown}
 r - 2 scrolls of blinking {unknown}
Potions
 e - a potion of lignification {unknown}
 j - a potion of flight {unknown}
 n - a potion of heal wounds {unknown}
 o - a potion of mutation {unknown}
 s - a potion of curing {unknown}
Comestibles
 f - 4 rations
 k - a chunk of flesh


   Skills:
 + Level 3.1 Fighting
 * Level 6.2 Polearms
 - Level 2.0 Throwing
 + Level 4.9 Dodging


You had 3 spell levels left.
You didn't know any spells.
Your spell library was empty.

Dungeon Overview and Level Annotations

Branches:
Dungeon (2/15)

Altars:


Message History

Some of the chunks of flesh in your inventory have rotted away.
You closely miss the gnoll.
The gnoll is heavily wounded.
The gnoll hits you with a +0 club.
* * * LOW HITPOINT WARNING * * *
You hit the gnoll but do no damage.
The gnoll is heavily wounded.
You hit the gnoll.
The gnoll is almost dead.
The gnoll hits you but does no damage.
You hit the gnoll but do no damage.
The gnoll is almost dead.
The gnoll hits you with a +0 club.
* * * LOW HITPOINT WARNING * * *
You puncture the gnoll!
You kill the gnoll!
You puncture the gnoll!
The gnoll is severely wounded.
The gnoll hits you with a +0 club.
You die...

....... ......#
......# ......#
.....## ......?
######g..#.#
#..>.g# #.#
#...@.# #.#
#.....# #.#
#.....# #.# ..
###.....####.##
.................#
...##..#.##..##..#
#..#..#.##..#...#
#......##..#.#.#
#......##......#


You could see 2 gnolls.

Vanquished Creatures
  2 gnolls (D:2)
  3 adders (D:2)
  An ooze (D:1)
  2 leopard geckos (D:1)
  2 bats (D:2)
  2 giant cockroaches (D:2)
  6 hobgoblins
  4 jackals (D:1)
  2 frilled lizards (D:1)
  3 goblins
  8 kobolds
  5 rats
40 creatures vanquished.

Notes
Turn   | Place    | Note
-------+----------+-------------------------------------------
     0 | D:1      | MoonlitKnight the Merfolk Gladiator began the quest for the
                  | Orb.
     0 | D:1      | Reached XP level 1. HP: 16/16 MP: 1/1
   101 | D:1      | Reached XP level 2. HP: 21/23 MP: 2/2
   499 | D:1      | Reached skill level 5 in Polearms
   785 | D:1      | Reached XP level 3. HP: 27/28 MP: 3/3
  1247 | D:2      | Reached XP level 4. HP: 32/34 MP: 4/4
  1259 | D:2      | Reached skill level 6 in Polearms
  1422 | D:2      | HP: 1/35 [gnoll/+0 club (1)]
  1427 | D:2      | Slain by a gnoll

Levels and vault maps discovered:
D:1:      ncdulo_smallfort, layout_basic
D:2:      cheibrodos_pilgrimage, layout_loops_cross

Skill      XL: |  1  2  3  4 |
---------------+-------------+-----
Polearms       | 5 6 |  6.2
Fighting       | 3 |  3.1
Throwing       | |  2.0
Dodging        | |  4.9

Action                   |  1- 3 |  4- 6 || total
-------------------------+-------+-------++-------
Melee: Trident           |   108 |    42 ||   150
 Stab: Sleeping          |     4 |       ||     4
       Distracted        |     1 |       ||     1
  Eat: Chunk             |     1 |     1 ||     2
Armor: Leather armour    |    16 |    11 ||    27
Dodge: Dodged            |    54 |    32 ||    86

Table legend:
 A = Non-vault XP
 B = Vault XP
 C = Vault XP percentage of total XP
 D = Non-vault monster count
 E = Vault monster count
 F = Vault count percentage of total count
                 A         B        C        D         E       F
            +---------+---------+-------+---------+---------+-------
      Total |     134 |       0 |   0.0 |      40 |       0 |   0.0
            +---------+---------+-------+---------+---------+-------
        D:1 |      39 |       0 |   0.0 |      20 |       0 |   0.0
        D:2 |      95 |       0 |   0.0 |      20 |       0 |   0.0
            +---------+---------+-------+---------+---------+-------
